 Dungeon Crawl Stone Soup version 0.18-a0-1797-gc18daef (webtiles) character file.

44 macross the Sneak (level 3, -8/18 HPs)
             Began as a Spriggan Assassin on Apr 22, 2016.
             Was an Initiate of Dithmenos.
             Mangled by Sigmund
             ... wielding a +0 scythe
              (9 damage)
             ... on level 3 of the Dungeon.
             The game lasted 00:05:47 (2140 turns).

macross the Sneak (Spriggan Assassin)               Turns: 2140, Time: 00:05:49

Health: -8/18      AC:  3    Str:  7    XL:     3   Next: 39%
Magic:  4/4        EV: 17    Int: 12    God:    Dithmenos [......]
Gold:   43         SH:  0    Dex: 18    Spells: 0 memorised, 2 levels left

rFire  . . .     SeeInvis +     a - +2 dagger
rCold  . . .     Gourm    .     c - +0 robe
rNeg   . . .     Faith    .     (shield restricted)
rPois  .         Spirit   .     (helmet restricted)
rElec  .         Dismiss  .     d - +0 cloak
rCorr  .         Reflect  .     (gloves unavailable)
SustAt .         Harm     .     (boots unavailable)
MR     .....                    (no amulet)
Stlth  ++........               (no ring)
                                (no ring)

@: confused, very quick, not resistant to hostile enchantments, unstealthy
A: unfitting armour, see invisible, herbivore 3, speed 3, slow metabolism 2
a: Renounce Religion


You were on level 3 of the Dungeon.
You worshipped Dithmenos.
Dithmenos was noncommittal.
You were not hungry.

You visited 2 branches of the dungeon, and saw 5 of its levels.

You collected 43 gold pieces.

Inventory:

Hand Weapons
 a - a +2 dagger (weapon)
 b - a +0 blowgun
Missiles
 e - 22 poisoned needles
 f - 2 curare-tipped needles
Armour
 c - a +0 robe (worn)
 d - a +0 cloak (worn)
Scrolls
 h - 2 scrolls of teleportation {unknown}
 i - a scroll of amnesia {unknown}
 j - a scroll of fog {unknown}
 l - 2 scrolls of identify {unknown}
 m - a scroll of remove curse {unknown}
 o - a scroll of random uselessness {unknown}
Potions
 k - a potion of cure mutation {unknown}
 n - a potion of flight {unknown}
 p - a potion of cancellation {unknown}
 q - a potion of curing {unknown}
 r - 2 potions of ambrosia {unknown}
Comestibles
 g - 2 bread rations


   Skills:
 * Level 1.6 Fighting
 * Level 2.8 Short Blades
 - Level 2.0 Throwing
 * Level 2.0 Dodging
 * Level 7.1 Stealth


You had 2 spell levels left.
You didn't know any spells.

Dungeon Overview and Level Annotations

Branches:
Dungeon (4/15)             Temple (1/1) D:4

Altars:
Ashenzari
Cheibriados
Dithmenos
Fedhas
Kikubaaqudgha
Okawaru
Pakellas
Qazlal
Vehumet
Zin

Annotations:
D:3 Grinder, Sigmund


Innate Abilities, Weirdness & Mutations

You are tiny and cannot use many weapons and most armour.
You have supernaturally acute eyesight.
You are a herbivore.
You cover ground extremely quickly.
You need consume almost no food.


Message History

The worm is lightly wounded.
There is an open door here.
Sigmund shouts!
A rat comes into view.
Sigmund points at you and mumbles some strange words.
You are confused.
Sigmund casts a spell at you.
You are more confused.
You bump into the rock wall.
You bump into the rock wall.
You hit the worm.
The worm is lightly wounded.
The worm bites you!
* * * LOW HITPOINT WARNING * * *
You bump into the rock wall.
The rat twitches its whiskers.
The rat barely misses you.
Sigmund hits you from afar with a scythe!
Ouch! That really hurt!
You die...

#####. .....#####
........ #.....##
.###......# .........#
#@# #r# .# #@# .##
##w## .. ##...## ##.#
##.....## #..#
##.>.....######.#####
##.......>.##(.......#
..'.........'.......#.#
###.......(.##.#...##.#
##.......###.##.###.#


You could see Sigmund, a worm and a rat.

Vanquished Creatures
  2 adders (D:3)
  A dart slug (D:1)
  A giant gecko (D:3)
  An orc (D:3)
  2 giant cockroaches
  2 goblins (D:3)
  A hobgoblin (D:1)
  4 jackals (D:3)
  2 kobolds (D:3)
  2 bats (D:3)
  A giant gecko skeleton (D:4)
  A giant newt (D:1)
20 creatures vanquished.

Notes
Turn   | Place    | Note
--------------------------------------------------------------
     0 | D:1      | macross the Spriggan Assassin began the quest for the Orb.
     0 | D:1      | Reached XP level 1. HP: 10/10 MP: 2/2
    42 | D:1      | Reached skill level 6 in Stealth
   302 | D:3      | Reached XP level 2. HP: 14/14 MP: 3/3
   895 | D:3      | Noticed Sigmund
  1087 | D:3      | Reached skill level 7 in Stealth
  1087 | D:3      | Reached XP level 3. HP: 8/18 MP: 4/4
  1720 | D:3      | Noticed Grinder
  1895 | D:4      | Found a blossoming altar of Fedhas.
  1904 | D:4      | Found a stormy altar of Qazlal.
  1944 | D:4      | Found a staircase to the Ecumenical Temple.
  1955 | Temple   | Entered the Ecumenical Temple
  1992 | Temple   | Became a worshipper of Dithmenos the Shadowed
  2140 | D:3      | Mangled by Sigmund

Vault maps used:
D:1:      dpeg_arrival_prison
D:2:      grunt_temple_overflow_open
D:3:      first_bread, kennysheep_generic_room_9, uniq_sigmund, uniq_grinder
D:4:      grunt_temple_overflow_forces_of_nature,
          grunt_temple_overflow_champion_of_chaos, minmay_temple_entry_statues
Temple:   cyrus_temple_forest_13

Skill      XL: |  1  2 |
---------------+-------+-----
Stealth        | 6 7 |  7.1
Dodging        | 2 |  2.0
Fighting       | |  1.6
Short Blades   | |  2.8
Throwing       | |  2.0

Action                   || total
-------------------------++-------
Melee: Dagger            ||    80
 Stab: Sleeping          ||     5
Armor: Robe              ||    13
Dodge: Dodged            ||    77
